 Dungeon Crawl Stone Soup version 0.31.0-11-ge490571c62 (webtiles) character file.

Game seed: 7819560342175325543

16740 mdonais the Mimic (level 11, -6/99 HPs)
             Began as a Demigod Shapeshifter on Feb 3, 2024.
             Mangled by a sun demon (18 damage)
             ... on level 9 of the Dungeon on Feb 4, 2024.
             The game lasted 00:47:53 (11455 turns).

mdonais the Mimic (Demigod Shapeshifter)           Turns: 11455, Time: 00:47:53

Health: -6/99      AC: 11    Str: 25    XL:     11   Next: 84%
Magic:  14/14      EV: 12    Int: 20    God:
Gold:   546        SH:  0    Dex: 11    Spells: 10/10 levels left

rFire   . .          .
                       - Unarmed
rCold   . . .        (shield currently unavailable)
rNeg    . . .        h - +3 ring mail
rPois   .            C - +2 helmet
rElec   .            (no cloak)
rCorr   .            (gloves currently unavailable)
SInv    .            (no boots)
Will    ++...        w - amulet of the acrobat
Stlth   +            i - +4 ring of protection
HPRegen 0.36/turn    y - ring of willpower
MPRegen 0.14/turn

%: acrobat
@: about to teleport, blade hands, spiked
A: high MP 1, forlorn, divine attributes, hooves 1, clever 2, persistent drain
a: Begin Untransformation


You were on level 9 of the Dungeon.
You had blades for hands.
You visited 1 branch of the dungeon, and saw 9 of its levels.
You also visited: Sewer.

You collected 546 gold pieces.

Inventory:

Hand Weapons
 a - a +5 flail
   (You found it on level 5 of the Dungeon)
 I - a +3 battleaxe of freezing
   (You took it off a wight on level 7 of the Dungeon)
 O - a +4 scimitar
   (You took it off a wight on level 7 of the Dungeon)
 Q - a +0 orcbow
   (You took it off a centaur on level 9 of the Dungeon)
 U - a +0 scimitar of flaming
   (You took it off Erica on level 9 of the Dungeon)
Missiles
 o - 2 poisoned darts
 t - 6 boomerangs
 J - 5 atropa-tipped darts (quivered)
Armour
 h - a +3 ring mail (worn)
   (You took it off an orc on level 6 of the Dungeon)
 q - +0 swamp dragon scales
   (You took it off Maggie on level 8 of the Dungeon)
 C - a +2 helmet (worn)
   (You found it on level 4 of the Dungeon)
 E - a +2 leather armour of willpower
   (You took it off an orc on level 4 of the Dungeon)
Jewellery
 c - a ring of protection from cold
   (You found it on level 8 of the Dungeon)
 f - a ring of protection from fire
   (You found it on level 5 of the Dungeon)
 i - a +4 ring of protection (left blade hand)
   (You found it on level 1 of the Dungeon)
 w - an amulet of the acrobat (around neck)
   (You found it on level 1 of the Dungeon)
 y - a ring of willpower (right blade hand)
   (You took it off an orc on level 4 of the Dungeon)
 G - a ring of fire
   (You found it on level 5 of the Dungeon)
 S - a ring of flight
   (You took it off Erica on level 9 of the Dungeon)
Talismans
 d - a flux talisman
 D - a beast talisman
 K - a blade talisman (active)
   (You found it on level 7 of the Dungeon)
Wands
 A - a wand of quicksilver (8)
   (You took it off Pikel on level 6 of the Dungeon)
 M - a wand of polymorph (20)
   (You found it on level 7 of the Dungeon)
 P - a wand of paralysis (4)
   (You took it off Erica on level 9 of the Dungeon)
 V - a wand of flame (5)
   (You found it on level 6 of the Dungeon)
Scrolls
 e - a scroll of enchant armour
 g - a scroll of fear
 k - 4 scrolls of fog
 s - a scroll of immolation
 v - a scroll of revelation
 x - a scroll of poison
 B - a scroll of blinking
 L - a scroll of vulnerability {unknown}
 R - a scroll of identify
 T - 3 scrolls of teleportation
Potions
 b - a potion of lignification
 j - a potion of invisibility
 l - a potion of brilliance
 m - 2 potions of enlightenment
 n - 2 potions of cancellation
 p - a potion of might
 r - 2 potions of mutation
 u - a potion of heal wounds
 z - 2 potions of resistance
 H - a potion of haste
 N - a potion of magic
Miscellaneous
 F - a lightning rod (4/4)
   (You found it on level 8 of the Dungeon)


   Skills:
 + Level 9.9 Fighting
 - Level 3.7 Armour
 - Level 5.0 Dodging
 + Level 9.9 Unarmed Combat
 - Level 4.0 Evocations
 - Level 10.0 Shapeshifting


You had 10 spell levels left.
You didn't know any spells.
Your spell library contained the following spells:

 Spells                   Type           Power      Damage    Failure   Level
 Freeze                   Ice            0%         1d3       28%         1
 Magic Dart               Conj           0%         1d3       28%         1
 Slow                     Hex            0%         N/A       28%         1
 Blink                    Tloc           0%         N/A       41%         2
 Call Imp                 Summ           0%         N/A       41%         2
 Jinxbite                 Hex            0%         N/A       41%         2
 Confusing Touch          Hex            0%         N/A       65%         3
 Frozen Ramparts          Ice            0%         1d1       65%         3
 Hailstorm                Conj/Ice       0%         3d5       65%         3
 Sigil of Binding         Hex            0%         N/A       65%         3
 Vampiric Draining        Necr           0%         2d6       65%         3
 Yara's Violent Unravell  Hex/Alch       0%         3d3       100%        5
 Enfeeble                 Hex            0%         N/A       100%        7


Dungeon Overview and Level Annotations

Branches:
Dungeon (9/15) Zot: 26338  Temple (0/1) D:6            Lair (0/5) D:8
  Sewer (visited)
    Orc: D:9-12

Shops:
D:1 !   D:9 =

Annotations:
D:6 Sigmund


Innate Abilities, Weirdness & Mutations

You have blades for hands.
You are incapable of wielding weapons or throwing items.
You have an increased reservoir of magic. (+10% MP)
You shall have no god before yourself.
Your divine heritage dramatically boosts your attributes as you level up.
You have large cloven feet.
Your mind is very acute. (Int +8, Str/Dex -2)
Your health recovers twice as slowly from being drained.


Message History

A killer bee is nearby!
The killer bee buzzes angrily.
Items here: )))) [[[ †††.
Found 11 gold pieces.
Items here: )))) [[[ †††.
You slice the killer bee!!
You kill the killer bee!
R - a scroll of identify;
U - a +0 scimitar of flaming You now have 539 gold pieces (gained 11).
A killer bee is nearby!
You slice the killer bee!!
You kill the killer bee!
No target in view!
No target in view!
No target in view!
No target in view!
No target in view!
No target in view!
No target in view!
No target in view!
No target in view!
No target in view!
No target in view!
r - 2 potions of mutation (gained 1)
An orc wizard comes into view. It is wielding a +0 dagger.
The orc wizard shouts!
You hear a shout!
No reachable target in view!
No reachable target in view!
No reachable target in view!
No reachable target in view!
No reachable target in view!
No reachable target in view!
An orc priest comes into view. It is wielding a +0 dagger.
Found a broken altar of Ashenzari.
A yak comes into view.
Found a potion of cancellation.
The yak bellows!
You hear a bellow!
You slice the yak!! You kick the yak.
The yak is almost dead.
The yak misses you.
You slash the yak!
You kill the yak!
No target in view!
No target in view!
No target in view!
No target in view!
No target in view!
No target in view!
No target in view! 2 yaks come into view.
The yak bellows! x2
You slice the yak!! You kick the yak, but do no damage.
The yak is severely wounded.
You slash the yak! You slash the yak.
You kill the yak!
You slice the yak!! Your kick misses the yak.
The yak is severely wounded.
The yak closely misses you.
You slash the yak!
You kill the yak!
No target in view!
No target in view!
No target in view!
No target in view!
No target in view!
No target in view!
n - 2 potions of cancellation (gained 1)
Found a robe.
Things that are here:
a yak corpse; a yak corpse You have blades for hands.
You are acrobatic and have increased evasion.
Your movement speed is average.
Your attack delay is about 0.8.
Your damage rating with unarmed combat is about 38 (Base [15 + 9 (UC)] x 137% (Str) x 116% (Fight)).
Your base attributes are Str 27, Int 12, Dex 13.
Found a scale mail.
Found a stone staircase leading up.
Found a chain mail.
Found Ynuamoc's Jewellery Boutique.
There is an entrance to Ynuamoc's Jewellery Boutique here.
You can access your shopping list by pressing '$'.
You now have 546 gold pieces (gained 7).
Found 5 stones.
Found a stone staircase leading up.
A quasit comes into view.
The quasit gives a chilling moan.
A sun demon comes into view.
The quasit completely misses you.
The quasit claws you but does no damage.
The quasit misses you.
You slash the quasit! Your kick misses the quasit.
The quasit is severely wounded.
The quasit closely misses you. The quasit barely misses you.
The quasit claws you but does no damage.
You barely miss the quasit. Your kick misses the quasit.
The quasit is severely wounded.
The quasit bites you but does no damage.
The quasit claws you but does no damage.
The quasit misses you.
You miss the quasit. You kick the quasit, but do no damage.
You slash the quasit.
You kill the quasit!
No target in view!
No target in view!
No target in view!
No target in view!
No target in view!
No target in view!
No target in view!
Unknown command.
A red devil comes into view. It is wielding a +0 trident of flaming.
The sun demon shouts!
A quasit comes into view.
The quasit gives a chilling moan.
The sun demon closely misses you.
The red devil hits you from afar with a +0 trident of flaming!
Barbed spikes become lodged in your body.
The red devil burns you.
You take 15 damage, and have 84/99 hp.
You slice the sun demon!!
The sun demon is heavily wounded.
The sun demon hits you!
You are engulfed in flames!!
You take 24 damage, and have 60/99 hp.
MASSIVE DAMAGE!!
You hit the sun demon. Your kick misses the sun demon.
The sun demon is heavily wounded.
The red devil hits you from afar with a +0 trident of flaming.
Barbed spikes become lodged in your body.
The red devil burns you. The sun demon hits you.
You are engulfed in flames!!
* * * LOW HITPOINT WARNING * * *
You take 34 damage, and have 26/99 hp.
MASSIVE DAMAGE!!
Blink to where?
Press: ? - help, Dir - move target
As you read the scroll of blinking, it crumbles to dust.
Okay, then.
Unknown command.
Unknown command.
As you read the scroll of teleportation, it crumbles to dust.
You feel strangely unstable.
You barely miss the quasit. You kick the quasit, but do no damage.
The quasit barely misses you.
The quasit claws you but does no damage. x2
You closely miss the quasit. You closely miss the sun demon.
Your kick misses the sun demon.
The sun demon is heavily wounded.
You closely miss the sun demon. Your kick misses the sun demon.
The sun demon is heavily wounded.
The sun demon hits you!
* * * LOW HITPOINT WARNING * * *
You are engulfed in flames!!
You die...

(.≈≈# #.≈≈# #.≈≈# #.≈≈#
#.≈≈################ #
#.≈≈≈≈≈≈≈≈≈≈≈≈≈≈≈≈≈≈
#.#####.≈≈≈≈≈≈≈≈≈≈≈≈≈≈≈≈≈≈
#......43@................
##...<..5#####.####.#.####.
.........# #.# #∩..# ##
##.......# #.######.# #
#.......# #..<...[.#####
#..:....# #.............
#.......# #........#####
#......#.# #...[....# #
....~~.#.# #........# #


You could see a sun demon, a red devil and a quasit.

Vanquished Creatures
  Erica (D:9)
  3 death yaks (D:8)
  Amaemon (D:8)
  The ghost of Ofeo the Trooper, a novice MiBe of Trog (D:4)
  Pikel (D:6)
  A rust devil (D:9)
  A smoke demon (D:9)
  An orange demon (D:8)
  Maggie (D:8)
  Joseph (D:8)
  An unseen horror zombie (D:7)
  Prince Ribbit (D:5)
  A hellwing (D:9)
  6 yaks
  A wraith (D:8)
  A wyvern (D:9)
  2 steam dragons (D:8)
  Menkaure (D:5)
  Duvessa (D:5)
  2 water moccasins (D:8)
  A hornet zombie (D:7)
  4 orc warriors
  An ice beast (D:7)
  4 ogres
  4 black bears
  A centaur (D:9)
  2 lemures (D:6)
  6 phantoms (D:8)
  4 bullfrogs
  Blork the orc (D:5)
  7 scorpions
  A necrophage (D:7)
  9 wights
  Dowan (D:5)
  12 killer bees
  2 howler monkeys
  A bombardier beetle (D:4)
  4 centaur zombies
  A quasit (D:9)
  A water moccasin simulacrum (D:5)
  2 hounds (D:4)
  A gnoll bouda (D:7)
  3 orc priests
  6 sleepcaps
  A human zombie (D:7)
  4 iguanas
  Jessica (D:3)
  4 orc wizards
  4 scorpion zombies (D:8)
  7 killer bee zombies
  3 bullfrog simulacra (D:5)
  A howler monkey zombie (D:7)
  Robin (D:2)
  4 gnolls (D:7)
  12 adders
  5 river rats
  10 shadow imps
  2 white imps (D:5)
  2 ufetubi (D:6)
  A dart slug (D:4)
  A ribbon worm (D:3)
  48 orcs
  20 ball pythons
  4 bats
  3 endoplasms
  3 giant cockroaches
  10 goblins
  6 hobgoblins
  7 jackals
  5 quokkas
  2 frilled lizards (D:1)
  5 kobolds
  18 rats
302 creatures vanquished.

Notes
Turn   | Place    | Note
-------+----------+-------------------------------------------
     0 | D:1      | mdonais the Demigod Shapeshifter began the quest for the
                  | Orb.
     0 | D:1      | Reached XP level 1. HP: 15/15 MP: 3/3
    15 | D:1      | Reached skill level 1 in Fighting
   232 | D:1      | Reached XP level 2. HP: 23/23 MP: 4/4
   375 | D:1      | You fall into a shaft and drop 1 floor!
   408 | D:1      | Found Anux's Distillery.
   638 | D:2      | Noticed Robin
   781 | D:2      | Reached XP level 3. HP: 29/29 MP: 5/5
  1311 | D:3      | Noticed Jessica
  1487 | D:3      | Killed Jessica
  1488 | D:3      | Reached XP level 4. HP: 37/37 MP: 6/6
  1612 | D:3      | Found a glowing drain.
  1627 | Sewer    | Entered a sewer
  1877 | Sewer    | Reached XP level 5. HP: 38/45 MP: 7/7
  1948 | Sewer    | Reached XP level 6. HP: 55/55 MP: 8/8
  1949 | Sewer    | Reached skill level 5 in Fighting
  3161 | D:4      | Reached skill level 5 in Unarmed Combat
  3564 | D:4      | Reached XP level 7. HP: 50/61 MP: 9/9
  3783 | D:5      | Entered Level 5 of the Dungeon
  3839 | D:5      | Found a runed translucent gate.
  3840 | D:5      | Found a runed translucent gate.
  3841 | D:5      | Found a runed translucent gate.
  4066 | D:5      | Noticed Duvessa
  4066 | D:5      | Noticed Dowan
  4080 | D:5      | Killed Dowan
  4081 | D:5      | Killed Duvessa
  4101 | D:5      | Reached skill level 1 in Evocations
  4303 | D:5      | Noticed Menkaure
  4602 | D:5      | Killed Menkaure
  4603 | D:5      | Reached XP level 8. HP: 36/70 MP: 10/10
  4765 | D:5      | Noticed Blork the orc
  4780 | D:5      | Killed Blork the orc
  5103 | D:5      | Noticed Ofeo's ghost (novice MiBe)
  5179 | D:4      | Killed Ofeo's ghost
  5621 | D:6      | Found a staircase to the Ecumenical Temple.
  5863 | D:6      | Reached XP level 9. HP: 79/79 MP: 11/11
  5883 | D:6      | Noticed Pikel
  5883 | D:6      | Noticed Prince Ribbit
  5938 | D:5      | Killed Prince Ribbit
  6432 | D:2      | Killed Robin
  6903 | D:6      | Killed Pikel
  7225 | D:6      | Noticed Sigmund
  7944 | D:7      | Reached skill level 3 in Shapeshifting
  8146 | D:7      | Reached skill level 9 in Shapeshifting
  8146 | D:7      | Reached XP level 10. HP: 88/88 MP: 13/13
  8608 | D:8      | Noticed a death yak
  8611 | D:8      | Noticed a death yak
  8612 | D:8      | Gained mutation: Your mind is acute. (Int +4, Str/Dex -1)
                  | [potion of mutation]
  8612 | D:8      | Gained mutation: You are clumsy. (Dex -2) [potion of
                  | mutation]
  8612 | D:8      | Gained mutation: You have a pair of small antennae on your
                  | head. [potion of mutation]
  8612 | D:8      | Gained mutation: You have large cloven feet. [potion of
                  | mutation]
  8617 | D:8      | Noticed a death yak
  8620 | D:8      | Killed a death yak
  8634 | D:8      | Reached XP level 11. HP: 28/94 MP: 14/14
  8638 | D:8      | Killed a death yak
  8639 | D:8      | Reached skill level 10 in Shapeshifting
  8641 | D:8      | Killed a death yak
  8653 | D:8      | Found a staircase to the Lair.
  9256 | D:8      | Noticed Maggie
  9301 | D:8      | Found a flagged portal.
  9316 | D:8      | Killed Maggie
  9470 | D:8      | Lost mutation: You are clumsy. (Dex -2) [potion of
                  | mutation]
  9470 | D:8      | Lost mutation: You have a pair of small antennae on your
                  | head. [potion of mutation]
  9470 | D:8      | Gained mutation: Your health recovers twice as slowly from
                  | being drained. [potion of mutation]
  9470 | D:8      | Gained mutation: You are robust. (+10% HP) [potion of
                  | mutation]
  9470 | D:8      | Lost mutation: You are robust. (+10% HP) [potion of
                  | mutation]
  9470 | D:8      | Gained mutation: Your mind is very acute. (Int +8, Str/Dex
                  | -2) [potion of mutation]
  9695 | D:8      | Noticed Joseph
  9709 | D:8      | Killed Joseph
  9941 | D:8      | Noticed Amaemon
  9958 | D:8      | Killed Amaemon
 10342 | D:8      | Reached skill level 5 in Dodging
 11073 | D:9      | Noticed Erica
 11083 | D:9      | Killed Erica
 11408 | D:9      | Found Ynuamoc's Jewellery Boutique.
 11424 | D:9      | Noticed a sun demon
 11455 | D:9      | Mangled by a sun demon

Illustrated notes

Levels and vault maps discovered:
D:1:      spicycebolla_arrival_ecumenical, layout_rooms, serial_shops,
          nicolae_lakefront_shop, minmay_misc_feat_pillars,
          minmay_misc_feat_enclosed
D:2:      layout_loops_ring, kennysheep_generic_room_15, uniq_robin
D:3:      layout_basic, nemelex_dance_club_becter, nzn_wu_jian_contemplation,
          portal_sewer_entry_e, nicolae_half_adder, uniq_jessica
D:4:      layout_rooms, minmay_liquid_box
D:5:      layout_loops_ring, mainiacjoe_overflow_six_doors_small,
          gammafunk_ghost_icy, uniq_menkaure, uniq_blork_the_orc, uniq_duvessa
D:6:      layout_rooms, nicolae_overflow_crystal_walls,
          nicolae_overflow_hidden_temple, minmay_temple_entry_trees,
          uniq_sigmund, uniq_prince_ribbit1, uniq_pikel
D:7:      layout_basic, lemuel_mausoleum_altar_yredelemnul
D:8:      bobbens_index_wilting_gardens, layout_basic, dpeg_lair_monsters,
          enter_bailey_2, serial_glass, glass_columns_a, glass_columns_a,
          glass_columns_b, dk_vineyard_3, uniq_maggie, uniq_amaemon, uniq_joseph
D:9:      layout_small_grid, nicolae_gozag_cash_rules_everything_around_me,
          ashenzari_conservatory_becter, erik_orc_2, serial_shops, shop,
          serial_demonic, serial_demonic_b, serial_demonic_c, serial_demonic_f,
          serial_demonic_b, kennysheep_generic_room_8, uniq_psyche, uniq_erica

Skill      XL: |  1  2  3  4  5  6  7  8  9 10 11 |
---------------+----------------------------------+-----
Fighting       | 1 2 3 4 5 6 7 8 9 |  9.9
Unarmed Combat | 3 4 5 6 7 8 9 |  9.9
Dodging        | 2 3 4 5 |  5.0
Evocations     | 3 4 |  4.0
Armour         | 3 |  3.7
Shapeshifting  | 9 10 | 10.0

Action                     |  1- 3 |  4- 6 |  7- 9 | 10-12 || total
---------------------------+-------+-------+-------+-------++-------
  Melee: Unarmed           |   109 |   259 |   331 |   260 ||   959
         Punch             |     2 |     6 |    15 |    10 ||    33
         Kick              |       |       |       |    43 ||    43
  Throw: Dart              |     1 |     3 |    40 |       ||    44
         Boomerang         |       |       |    15 |       ||    15
  Evoke: Wand              |       |       |    14 |    13 ||    27
    Use: Scroll            |     5 |     3 |     8 |     7 ||    23
         Potion            |     2 |     2 |     2 |     9 ||    15
   Stab: Invisible         |       |       |     1 |       ||     1
 Armour: Animal skin       |    37 |       |       |       ||    37
         Leather armour    |     2 |    70 |   121 |       ||   193
         Skin              |       |   117 |       |       ||   117
         Ring mail         |       |    34 |    26 |   159 ||   219
  Dodge: Dodged            |    74 |   150 |   180 |   132 ||   536
         Form:             |       |     1 |       |       ||     1
         Beast             |       |     1 |       |       ||     1
         Blade             |       |       |       |     1 ||     1
